 Dungeon Crawl Stone Soup version 0.25.1-2-g60ff931df9 (webtiles) character file.

Game seed: 12506720715102858593

133 funkygono the Shooter (level 4, 0/37 HPs)
             Began as a Minotaur Hunter on Aug 27, 2020.
             Succumbed to a hornet's poison
             ... on level 4 of the Dungeon on Aug 28, 2020.
             The game lasted 00:06:56 (2304 turns).

funkygono the Shooter (Minotaur Hunter)             Turns: 2304, Time: 00:06:57

Health: 0/37       AC:  8    Str: 18    XL:     4   Next: 93%
Magic:  3/3        EV: 12    Int:  8    God:
Gold:   189        SH:  0    Dex: 10    Spells: 3/3 levels left

rFire    . . .     SeeInvis +   a - +0 whip (drain)
rCold    . . .     Gourm    .   (no shield)
rNeg     . . .     Faith    .   c - +0 leather armour
rPois    .         Spirit   .   (helmet restricted)
rElec    .         Reflect  .   p - +1 cloak
rCorr    .         Harm     .   n - +0 pair of gloves
MR       .....                  j - +1 pair of boots
Stlth    +.........             e - amulet of magic regeneration
HPRegen  0.12/turn              s - ring of see invisible
MPRegen  0.33/turn              (no ring)

@: lethally poisoned (0 -> -4), slowed, very slow
A: retaliatory headbutt, horns 2
a: no special abilities


You were on level 4 of the Dungeon.
You were not hungry.

You visited 1 branch of the dungeon, and saw 4 of its levels.

You collected 189 gold pieces.

Inventory:

Hand Weapons
 a - a +0 whip of draining (weapon)
 b - a +1 shortbow
Missiles
 d - 66 arrows
Armour
 c - a +0 leather armour (worn)
 j - a +1 pair of boots (worn)
 n - a +0 pair of gloves (worn)
 p - a +1 cloak (worn)
Jewellery
 e - an amulet of magic regeneration (around neck)
 s - a ring of see invisible (left hand)
 t - an uncursed amulet of the acrobat {unknown}
Wands
 v - a wand of iceblast (5)
Scrolls
 k - a scroll of teleportation
 q - a scroll of blinking
Potions
 g - 2 potions of haste
 h - a potion of lignification
 i - 2 potions of curing
 l - a potion of mutation
 m - a potion of brilliance {unknown}
 o - a potion of cancellation {unknown}
 r - a potion of heal wounds {unknown}
 x - a potion of ambrosia {unknown}
Comestibles
 f - 10 rations
 w - a chunk of flesh


   Skills:
 + Level 2.9 Fighting
 + Level 0.9 Maces & Flails
 + Level 6.2 Bows
 + Level 1.7 Armour
 + Level 2.2 Dodging
 + Level 0.9 Stealth


You had 3 spell levels left.
You didn't know any spells.
Your spell library was empty.

Dungeon Overview and Level Annotations

Branches:
Dungeon (4/15)
 Temple: D:4-7

Altars:
Ashenzari
Dithmenos
Yredelemnul
Zin


Innate Abilities, Weirdness & Mutations

You reflexively headbutt those who attack you in melee.
You have a pair of horns on your head.


Message History

You feel as though you will be slow longer.
The jackal bites you.
An orc comes into view. It is wielding a +0 dagger.
The hornet stings you.
* * * LOW HITPOINT WARNING * * *
You feel as though you will be slow longer.
The jackal bites you but does no damage. x2
You can move again.
A frilled lizard comes into view.
The hornet stings you.
* * * LOW HITPOINT WARNING * * *
You feel as though you will be slow longer.
The hornet closely misses you. The hornet stings you.
* * * LOW HITPOINT WARNING * * *
You are lethally poisoned!
You feel as though you will be slow longer.
* * * LOW HITPOINT WARNING * * *
You feel sick. The hornet closely misses you. The iguana bites you.
* * * LOW HITPOINT WARNING * * *
You die...

#.####............#
#.......#.........
#.##....##.......
##......#..#..#
..........##.#..#
?#....###.......#
....#. ##.##..##
...[##. #
####..##### ..>#
...#.#...l.@...# ..
.........y###...%..
.##...h.## .....
#..l..h# ....
#...$.h........$.
....o.........# #.
..........#...%
#...(.....# ...
#.......... ..


You could see a hornet (drained), an iguana, an orc, a jackal and a frilled
lizard.

Vanquished Creatures
  A howler monkey (D:4)
  A gnoll (D:1)
  2 adders (D:3)
  2 worms (D:2)
  4 dart slugs
  3 leopard geckos
  5 bats
  5 giant cockroaches
  4 goblins
  3 hobgoblins
  6 jackals
  4 kobolds
  3 frilled lizards
  7 rats
50 creatures vanquished.

Notes
Turn   | Place    | Note
-------+----------+-------------------------------------------
     0 | D:1      | funkygono the Minotaur Hunter began the quest for the Orb.
     0 | D:1      | Reached XP level 1. HP: 18/18 MP: 0/0
   168 | D:1      | Reached XP level 2. HP: 18/25 MP: 1/1
   177 | D:1      | Reached skill level 5 in Bows
   594 | D:1      | Reached XP level 3. HP: 30/30 MP: 2/2
   921 | D:2      | Found a glowing silver altar of Zin.
   922 | D:2      | Found a basalt altar of Yredelemnul.
  1055 | D:2      | Found a shattered altar of Ashenzari.
  1311 | D:2      | Reached skill level 1 in Armour
  1585 | D:3      | Reached XP level 4. HP: 37/37 MP: 3/3
  1670 | D:3      | Found a shadowy altar of Dithmenos.
  1742 | D:3      | Reached skill level 6 in Bows
  2291 | D:4      | Noticed a hornet
  2298 | D:4      | Paralysed by a hornet for 3 turns
  2303 | D:4      | HP: 1/37 [iguana (3)]
  2304 | D:4      | Succumbed to a hornet's poison

Illustrated notes

Levels and vault maps discovered:
D:1:      psy_arrival_basics, layout_rooms
D:2:      layout_loops_cross, ashenzari_conservatory_becter,
          grunt_temple_overflow_open, lemuel_old_faithful
D:3:      layout_basic, lemuel_crystal_altar
D:4:      layout_cave_pools, minmay_temple_entry_slanted, first_ration,
          uniq_sigmund

Skill      XL: |  1  2  3  4 |
---------------+-------------+-----
Bows           | 5 6 |  6.2
Armour         | 1 |  1.7
Fighting       | |  2.9
Maces & Flails | |  0.9
Dodging        | |  2.2
Stealth        | |  0.9

Action                   |  1- 3 |  4- 6 || total
-------------------------+-------+-------++-------
Melee: Short sword       |     4 |       ||     4
       Club              |     4 |       ||     4
       Headbutt          |     4 |     3 ||     7
       Whip              |    29 |     9 ||    38
 Fire: Shortbow          |    80 |    21 ||   101
  Use: Scroll            |     3 |     6 ||     9
  Eat: Chunk             |     2 |     2 ||     4
Armor: Leather armour    |    20 |     5 ||    25
Dodge: Dodged            |    33 |    12 ||    45
